[ PARTIDA AOE2 · #505321082 ]
UnrankedSicilianos vs Ethiopians
Equipo del jugador · VICT
Equipo rival · DERR
[ ANÁLISIS DE REPETICIÓN · EXTRAÍDO DE LA PARTIDA GRABADA ]
Feudal
—
Castillos
—
Imperial
—
| APM promedio | 33.3 |
| APM pico | 102 |
| eAPM promedio | 16.0 |
| Aldeanos / militares | 49 / 0 |
Foco
⚔️ 31.3% · 🌾 68.7%
Feudal
10:55
Castillos
—
Imperial
—
| APM promedio | 28.2 |
| APM pico | 77 |
| eAPM promedio | 13.5 |
| Aldeanos / militares | 27 / 0 |
Foco
⚔️ 24.1% · 🌾 75.9%
Mapa de la partida
Recursos iniciales + cada clic de construcción. Líneas = muros · curvas = relieve. ◆ oro · ⬟ piedra · ● bayas · ✦ reliquia · ◌ hueco del cierre
Tu base· ✓ Cerrada en 12:00 · 0t muro · 2 puerta(s)
Base de AndoBroNatOr· ✓ Cerrada en 12:00 · 6t muro · 3 puerta(s)
Terreno inicial suavizado · ◌ = hueco del cierre detectado · pasá el cursor para detalles
Inputs por minuto
— Liberty - - AndoBroNatOr
Build order — Liberty
61 acciones detectadas en el replay
| 0:02 | Encolar | Villager (Male) ×4 |
| 0:04 | Construir | House |
| 0:05 | Construir | House |
| 1:30 | Encolar | Villager (Male) |
| 1:30 | Encolar | Villager (Male) |
| 2:10 | Encolar | Villager (Male) |
| 2:10 | Encolar | Villager (Male) |
| 2:19 | Encolar | Villager (Male) |
| 2:19 | Encolar | Villager (Male) |
| 2:40 | Construir | Lumber Camp |
| 3:11 | Encolar | Villager (Male) |
| 3:12 | Encolar | Villager (Male) |
| 3:25 | Encolar | Villager (Male) |
| 3:25 | Encolar | Villager (Male) |
| 3:26 | Encolar | Villager (Male) |
| 4:27 | Encolar | Villager (Male) |
| 4:27 | Encolar | Villager (Male) |
| 4:41 | Construir | House |
| 4:45 | Investigar | Loom |
| 4:48 | Encolar | Villager (Male) |
| 4:48 | Encolar | Villager (Male) |
| 4:49 | Encolar | Villager (Male) |
| 5:11 | Encolar | Villager (Male) |
| 5:20 | Encolar | Villager (Male) |
| 6:30 | Encolar | Villager (Male) |
| 6:30 | Encolar | Villager (Male) |
| 6:30 | Encolar | Villager (Male) |
| 6:31 | Encolar | Villager (Male) |
| 7:04 | Construir | House |
| 7:05 | Construir | House |
| 8:16 | Encolar | Villager (Male) |
| 8:16 | Encolar | Villager (Male) |
| 8:46 | Encolar | Villager (Male) |
| 8:46 | Encolar | Villager (Male) |
| 9:21 | Encolar | Villager (Male) |
| 9:22 | Encolar | Villager (Male) |
| 9:56 | Encolar | Villager (Male) |
| 9:56 | Encolar | Villager (Male) |
| 10:54 | Encolar | Villager (Male) |
| 10:57 | Construir | Mill |
| 11:14 | Construir | Town Center |
| 11:38 | Encolar | Villager (Male) |
| 11:48 | Encolar | Villager (Male) |
| 12:04 | Encolar | Villager (Male) |
| 12:05 | Encolar | Villager (Male) |
| 12:13 | Encolar | Villager (Male) |
| 12:13 | Encolar | Villager (Male) |
| 12:36 | Encolar | Villager (Male) |
| 12:36 | Encolar | Villager (Male) |
| 13:05 | Construir | House |
| 13:18 | Construir | House |
| 13:21 | Construir | House |
| 13:25 | Encolar | Villager (Male) |
| 13:26 | Encolar | Villager (Male) |
| 14:23 | Encolar | Villager (Male) |
| 15:20 | Encolar | Villager (Male) |
| 15:21 | Encolar | Villager (Male) |
| 15:53 | Construir | Town Center |
| 15:58 | Construir | Town Center |
| 17:41 | Encolar | Villager (Male) |
| 18:47 | Investigar | Feudal Age |
Build order — AndoBroNatOr
56 acciones detectadas en el replay
| 0:01 | Encolar | Villager (Male) |
| 0:01 | Encolar | Villager (Male) |
| 0:03 | Construir | House |
| 0:05 | Construir | House |
| 0:38 | Encolar | Villager (Male) |
| 0:38 | Encolar | Villager (Male) |
| 1:37 | Encolar | Villager (Male) |
| 1:38 | Encolar | Villager (Male) |
| 2:04 | Encolar | Villager (Male) |
| 2:24 | Encolar | Villager (Male) |
| 2:47 | Construir | Lumber Camp |
| 2:51 | Encolar | Villager (Male) |
| 3:10 | Encolar | Villager (Male) |
| 3:35 | Encolar | Villager (Male) |
| 3:42 | Encolar | Villager (Male) |
| 3:49 | Construir | House |
| 3:52 | Construir | House |
| 4:45 | Encolar | Villager (Male) |
| 4:51 | Encolar | Villager (Male) |
| 5:06 | Construir | House |
| 5:07 | Encolar | Villager (Male) |
| 5:39 | Construir | Mill |
| 6:03 | Encolar | Villager (Male) |
| 6:04 | Encolar | Villager (Male) |
| 6:17 | Encolar | Villager (Male) |
| 6:41 | Encolar | Villager (Male) |
| 7:20 | Encolar | Villager (Male) |
| 7:25 | Encolar | Villager (Male) |
| 7:45 | Encolar | Villager (Male) |
| 7:58 | Construir | House |
| 8:03 | Construir | House |
| 8:08 | Investigar | Loom |
| 8:38 | Encolar | Villager (Male) |
| 8:45 | Investigar | Feudal Age |
| 9:14 | Construir | House |
| 9:18 | Construir | House |
| 9:33 | Construir | Barracks |
| 9:56 | Construir | Mining Camp |
| 10:04 | Construir | House |
| 10:30 | Construir | House |
| 10:45 | Construir | Palisade Wall |
| 10:48 | Construir | Palisade Wall |
| 10:55 | Edad | Edad Feudal |
| 10:56 | Construir | Palisade Wall |
| 11:03 | Construir | House |
| 11:06 | Construir | Palisade Wall |
| 11:08 | Construir | Palisade Wall |
| 11:18 | Construir | Palisade Wall |
| 11:59 | Encolar | Villager (Male) |
| 12:00 | Encolar | Villager (Male) |
| 13:06 | Construir | Lumber Camp |
| 13:13 | Encolar | Villager (Male) |
| 13:13 | Encolar | Villager (Male) |
| 15:38 | Construir | Watch Tower |
| 18:03 | Construir | House |
| 18:04 | Construir | House |
Cronología de la partida
| 9:33 | AndoBroNatOr · first_building Barracks |
| 10:45 | AndoBroNatOr · wall_segment Palisade Wall x1 |
| 10:48 | AndoBroNatOr · wall_segment Palisade Wall x1 |
| 10:55 | AndoBroNatOr · age_up feudal |
| 10:56 | AndoBroNatOr · wall_segment Palisade Wall x1 |
| 11:06 | AndoBroNatOr · wall_segment Palisade Wall x1 |
| 11:08 | AndoBroNatOr · wall_segment Palisade Wall x1 |
| 11:18 | AndoBroNatOr · wall_segment Palisade Wall x1 |
| 20:42 | AndoBroNatOr · resign |
[ ANÁLISIS IA · 1 CRÉDITO ]
¿Qué pasó realmente en esta partida?
Wolo.gg analiza cada decisión: build order, eco, micro, errores típicos por bracket. Análisis personalizado por WhatsApp o Discord en 30 segundos.
Guía civ
Sicilianos
Perfil
Jugador #6175977